 Dungeon Crawl Stone Soup version 0.31.0 (webtiles) character file.

Game seed: 12383880212312922724

727 qw the Skirmisher (level 7, -7/44 HPs)
             Began as a Gargoyle Hunter on Jan 19, 2024.
             Mangled by an ogre
             ... wielding a +0 giant club
              (19 damage)
             ... on level 5 of the Dungeon.
             The game lasted 00:00:22 (4794 turns).

qw the Skirmisher (Gargoyle Hunter)                 Turns: 4794, Time: 00:00:23

Health: -7/44      AC: 14    Str: 14    XL:     7   Next: 72%
Magic:  0/7        EV: 11    Int: 10    God:
Gold:   217        SH:  0    Dex: 15    Spells: 6/6 levels left

rFire   . . .        a - +0 shortbow
rCold   . . .        (shield currently unavailable)
rNeg    + . .        g - +0 ring mail
rPois   inf          (no helmet)
rElec   +            f - +0 cloak
rCorr   .            e - +2 pair of gloves
SInv    .            (no boots)
Will    .....        k - amulet of guardian spirit
Stlth   +            (no ring)
HPRegen 0.27/turn    (no ring)
MPRegen 0.10/turn

%: guardian spirit
@: no status effects
A: sickness immunity, AC +4, negative energy resistance 1, electricity
resistance, torment resistance 1, petrification resistance
a: no special abilities


You were on level 5 of the Dungeon.
You visited 1 branch of the dungeon, and saw 5 of its levels.

You collected 217 gold pieces.


Innate Abilities, Weirdness & Mutations

You are immune to sickness and miasma.
Your stone body is resilient. (AC +4)
You are immune to poison.
You resist negative energy. (rN+)
You are resistant to electric shocks. (rElec)
You are resistant to unholy torment.
You are immune to petrification.


   Skills:
 + Level 4.5 Fighting
 - Level 8.2 Ranged Weapons
 - Level 2.0 Armour
 - Level 1.5 Dodging
 - Level 1.1 Stealth


You had 6 spell levels left.
You didn't know any spells.
Your spell library was empty.

Inventory:

Hand Weapons
 a - a +0 shortbow (weapon)
Armour
 e - a +2 pair of gloves (worn)
 f - a +0 cloak (worn)
 g - a +0 ring mail (worn)
Jewellery
 k - an amulet of guardian spirit (around neck)
Wands
 c - a wand of flame (2)
Scrolls
 b - 2 scrolls of teleportation
 l - 2 scrolls of identify
Potions
 d - 2 potions of heal wounds
 h - a potion of ambrosia {unknown}
 i - a potion of resistance {unknown}
 j - a potion of cancellation {unknown}
 m - a potion of enlightenment {unknown}
 n - a potion of magic {unknown}
 o - 2 potions of mutation {unknown}
 p - a potion of curing

Dungeon Overview and Level Annotations

Branches:
Dungeon (5/15)
 Temple: D:4-7

Altars:
Vehumet
Xom

Shops:
D:3 =   D:5 *


Message History

Enter note:
Enter note:
4783 ||| RETREEEEATING.
You shoot an arrow. The arrow hits the ogre.
The ogre is lightly wounded.
You shoot an arrow. The arrow hits the ogre!
The ogre is moderately wounded.
The ogre misses you.
The scorpion stings you but does no damage.
Enter note:
Enter note:
Enter note:
Enter note:
4786 ||| RETREEEEATING.
The ogre attacks as it pursues you! The ogre closely misses you.
You shoot an arrow. The arrow hits the ogre.
The ogre is heavily wounded.
The ogre hits you with a +0 giant club.
You shoot an arrow. The arrow completely misses the ogre.
You shoot an arrow. The arrow hits the ogre.
The ogre is heavily wounded.
The ogre barely misses you.
You shoot an arrow. The arrow barely misses the ogre.
The ogre hits you with a +0 giant club!
You shoot an arrow. The arrow hits the ogre.
The ogre is heavily wounded.
You shoot an arrow. The arrow hits the ogre.
The ogre is severely wounded.
The ogre hits you with a +0 giant club!!
Ouch! That really hurt!
You shoot an arrow.
The arrow hits the ogre but does no damage.
The ogre is severely wounded.
An orc comes into view. It is wielding a +0 war axe.
The ogre barely misses you.
You shoot an arrow.
The arrow hits the ogre but does no damage.
The ogre is severely wounded.
The ogre hits you with a +0 giant club!!
You die...

#......# #. #.###### ## #.# #.#
#.### #### #.#.## ########...
...#.######### #..........
<.###........#################.##
...#.######.##.#@#...# #<##
.....# #.###.#Oo#..# #[.. ....##
#.##.#.l###..# ######## #.###
#.###..## #l.##.(# #.# #.##..##
#..##.# #.# #....## .l##.# #'##
#..#..# .#..# ...## #####..# ##.#
# ....## #..# #..# #..# ##


You could see an ogre, an iguana and an orc.

Vanquished Creatures
  A black bear (D:5)
  A scorpion (D:5)
  2 bombardier beetles (D:5)
  2 hounds
  2 orc priests
  3 iguanas
  Terence (D:3)
  A sleepcap (D:5)
  4 orc wizards
  5 adders
  4 ufetubi (D:5)
  4 dart slugs
  2 ribbon worms
  7 orcs
  10 ball pythons
  4 endoplasms
  A giant cockroach (D:1)
  8 goblins
  4 hobgoblins
  2 jackals (D:2)
  3 kobolds
  6 quokkas
  6 bats
  5 frilled lizards
  4 rats
92 creatures vanquished.

Notes
Turn   | Place    | Note
-------+----------+-------------------------------------------
     0 | D:1      | qw the Gargoyle Hunter began the quest for the Orb.
     0 | D:1      | Reached XP level 1. HP: 12/12 MP: 1/1
     0 | D:1      | 0 ||| qw: Version: 0.3-a-132-g3d54051
     0 | D:1      | 0 ||| qw: Game counter: 225
     0 | D:1      | 0 ||| qw: Melee chars always use a shield: true
     0 | D:1      | 0 ||| qw: God list: Okawaru
     0 | D:1      | 0 ||| qw: Allow faded altars: false
     0 | D:1      | 0 ||| qw: Do Orc after clearing Dungeon:15 true
     0 | D:1      | 0 ||| qw: Do second Lair branch before Depths: true
     0 | D:1      | 0 ||| qw: Lair rune preference: random
     0 | D:1      | 0 ||| qw: Goals: Normal
     0 | D:1      | 0 ||| PLANNING D:1-11
   181 | D:1      | Reached XP level 2. HP: 17/17 MP: 2/2
   428 | D:1      | Reached XP level 3. HP: 21/21 MP: 3/3
   539 | D:1      | Reached skill level 5 in Ranged Weapons
   552 | D:1      | Found a faded altar of an unknown god.
   806 | D:1      | 806 ||| UPGRADING to +0 pair of gloves.
   811 | D:1      | 811 ||| UPGRADING to +0 cloak.
   816 | D:1      | 816 ||| UPGRADING to +0 ring mail.
   826 | D:1      | 826 ||| DROPPING +0 leather armour.
   827 | D:1      | 827 ||| UPGRADING to amulet of guardian spirit.
   832 | D:1      | 832 ||| READING scroll labelled XOCUBI ZEMEM.
   933 | D:1      | 933 ||| DRINKING 2 smoky cyan potions.
   934 | D:1      | 934 ||| DROPPING scroll of butterflies.
   971 | D:2      | Found a radiant altar of Vehumet.
  1111 | D:2      | Reached skill level 1 in Armour
  1465 | D:2      | You fall into a shaft and drop 2 floors!
  1467 | D:4      | Found a radiant altar of Vehumet.
  1537 | D:4      | Reached skill level 3 in Fighting
  1537 | D:4      | Reached XP level 4. HP: 28/28 MP: 4/4
  1620 | D:4      | 1620 ||| FLEEEEING.
  1621 | D:4      | 1621 ||| FLEEEEING.
  1622 | D:4      | 1622 ||| STAIRDANCE
  1646 | D:3      | Found Egokkenoo's Jewellery Shop.
  1651 | D:3      | 1651 ||| SHOPLISTING +5 ring of evasion (432 gold, have
                  | 118).
  1651 | D:3      | 1651 ||| SHOPLISTING amulet "Uroitz" {rC- Regen+ Str+5
                  | Int+3} (561 gold, have 118).
  1651 | D:3      | 1651 ||| SHOPLISTING ring "Zinwymp" {*Corrode +Blink rPois
                  | MP+9 Dex+6} (810 gold, have 118).
  1651 | D:3      | 1651 ||| SHOPLISTING ring of fire (300 gold, have 118).
  1651 | D:3      | 1651 ||| SHOPLISTING ring of positive energy (240 gold,
                  | have 118).
  1651 | D:3      | 1651 ||| SHOPLISTING ring of resist corrosion (240 gold,
                  | have 118).
  1853 | D:3      | Noticed Terence
  1873 | D:3      | HP: 6/28 [Terence/+0 mace (4)]
  1874 | D:3      | 1874 ||| DRINKING 2 potions of heal wounds.
  1881 | D:3      | Killed Terence
  1922 | D:3      | 1922 ||| FLEEEEING.
  1932 | D:3      | 1932 ||| STAIRDANCE
  2173 | D:2      | Reached XP level 5. HP: 32/32 MP: 5/5
  2383 | D:2      | 2383 ||| READING 2 scrolls labelled SAEGUN PYTHRI.
  2384 | D:2      | 2384 ||| FLEEEEING.
  2386 | D:2      | 2386 ||| READING scroll labelled TUBUUS IJUHE.
  2386 | D:2      | 2386 ||| IDENTIFYING murky inky potion
  2387 | D:2      | 2387 ||| READING scroll labelled ETEBUT GOMULL.
  2494 | D:2      | 2494 ||| READING scroll labelled WENTAF GAERIDU.
  2494 | D:2      | 2494 ||| ENCHANTING +0 pair of gloves.
  2980 | D:4      | 2980 ||| READING scroll of enchant armour.
  2980 | D:4      | 2980 ||| ENCHANTING +1 pair of gloves.
  3038 | D:4      | 3038 ||| RETREEEEATING.
  3039 | D:4      | 3039 ||| RETREEEEATING.
  3049 | D:4      | Reached skill level 6 in Ranged Weapons
  3069 | D:4      | 3069 ||| DRINKING potion of curing.
  3069 | D:4      | 3069 ||| (to cure confusion)
  3081 | D:4      | Reached XP level 6. HP: 27/38 MP: 4/6
  3084 | D:4      | 3084 ||| FLEEEEING.
  3095 | D:4      | 3095 ||| FLEEEEING.
  3106 | D:4      | 3106 ||| FLEEEEING.
  3136 | D:4      | 3136 ||| FLEEEEING.
  3138 | D:4      | 3138 ||| STAIRDANCE
  3392 | D:4      | Found a shimmering altar of Xom.
  3530 | D:4      | 3530 ||| READING scroll labelled BENAVY QOCSOLO.
  3562 | D:5      | Entered Level 5 of the Dungeon
  3584 | D:5      | 3584 ||| FLEEEEING.
  3705 | D:5      | 3705 ||| FLEEEEING.
  3708 | D:5      | 3708 ||| STAIRDANCE
  3737 | D:4      | 3737 ||| FLEEEEING.
  3745 | D:4      | 3745 ||| STAIRDANCE
  3790 | D:3      | 3790 ||| DRINKING 2 glowing dark potions.
  3791 | D:3      | 3791 ||| DROPPING potion of brilliance.
  3829 | D:5      | Reached skill level 7 in Ranged Weapons
  3840 | D:5      | 3840 ||| FLEEEEING.
  3848 | D:5      | 3848 ||| STAIRDANCE
  3851 | D:4      | 3851 ||| FLEEEEING.
  3862 | D:4      | 3862 ||| FLEEEEING.
  3865 | D:4      | 3865 ||| STAIRDANCE
  3968 | D:5      | Reached XP level 7. HP: 43/43 MP: 7/7
  4271 | D:5      | Found Leiclief's General Store.
  4287 | D:5      | 4287 ||| ZAPPING wand of flame (4) at -1,0 (black bear;
                  | open_door).
  4288 | D:5      | 4288 ||| ZAPPING wand of flame (3) at -1,0 (black bear;
                  | open_door).
  4309 | D:5      | 4309 ||| FLEEEEING.
  4342 | D:5      | 4342 ||| SHOPLISTING +5 moon troll leather armour {Spirit,
                  | Regen++ MP+5} (654 gold, have 182).
  4653 | D:5      | Reached skill level 8 in Ranged Weapons
  4706 | D:5      | Identified the +10 hand axe "Erenk" {drain, rPois Will++
                  | MP+9}
  4782 | D:5      | 4782 ||| RETREEEEATING.
  4783 | D:5      | 4783 ||| RETREEEEATING.
  4786 | D:5      | 4786 ||| RETREEEEATING.
  4794 | D:5      | Mangled by an ogre

Levels and vault maps discovered:
D:1:      dpeg_arrival_connections, layout_basic,
          shapermc_ecumenical_altar_pompeii, minmay_hexomino_r4
D:2:      layout_rooms, serial_co_window_serial, co_window_paths_a,
          co_window_paths_a, co_window_paths_b, co_window_paths_b,
          co_window_corner_a, co_window_paths_b, co_window_paths_a,
          co_window_paths_c, co_window_broadway_c, co_window_corner_cb,
          co_window_of_opportunity_c, co_window_unsneaky_path_a,
          co_window_paths_d, co_window_4corner_a, basic_altar
D:3:      layout_basic, serial_shops, nicolae_shop_rolling_square, uniq_terence
D:4:      layout_basic, kennysheep_mini, vehumet_crystals
D:5:      minmay_diamond_boxcup, layout_loops_corners, serial_shops,
          nicolae_shop_rolling_square

Skill      XL: |  1  2  3  4  5  6  7 |
---------------+----------------------+-----
Ranged Weapons | 5 6 7 8 |  8.2
Armour         | 1 2 |  2.0
Fighting       | 3 4 |  4.5
Dodging        | |  1.5
Stealth        | |  1.1

Action                     |  1- 3 |  4- 6 |  7- 9 || total
---------------------------+-------+-------+-------++-------
   Fire: Shortbow          |   114 |   212 |    77 ||   403
  Evoke: Wand              |       |       |     2 ||     2
    Use: Potion            |     1 |     3 |       ||     4
         Scroll            |     1 |     6 |       ||     7
 Armour: Leather armour    |     9 |       |       ||     9
         Ring mail         |    19 |   118 |    49 ||   186
  Dodge: Dodged            |    30 |    65 |    50 ||   145

Table legend:
 A = Non-vault XP
 B = Vault XP
 C = Vault XP percentage of total XP
 D = Non-vault monster count
 E = Vault monster count
 F = Vault count percentage of total count
                 A         B        C        D         E       F
            +---------+---------+-------+---------+---------+-------
      Total |     992 |      47 |   4.5 |      87 |       5 |   5.4
            +---------+---------+-------+---------+---------+-------
        D:1 |      33 |       9 |  21.4 |      18 |       4 |  18.2
        D:2 |      70 |       0 |   0.0 |      20 |       0 |   0.0
        D:3 |      43 |      38 |  46.9 |      15 |       1 |   6.2
        D:4 |     246 |       0 |   0.0 |      13 |       0 |   0.0
        D:5 |     600 |       0 |   0.0 |      21 |       0 |   0.0
            +---------+---------+-------+---------+---------+-------
